 Dungeon Crawl Stone Soup version 0.31.0-4-g52a2dc7128 (webtiles) character file.

Game seed: 15767130859545257448

89 ProzacElf the Cudgeller (level 4, -4/37 HPs)
             Began as an Armataur Berserker on Jan 23, 2024.
             Was a Believer of Trog.
             Killed by divine providence
             ... invoked by an orc priest
              (11 damage)
             ... on level 4 of the Dungeon.
             The game lasted 00:02:45 (2097 turns).

ProzacElf the Cudgeller (Armataur Berserker)        Turns: 2097, Time: 00:02:46

Health: -4/37      AC:  6    Str: 23    XL:     4   Next: 31%
Magic:  4/4        EV:  9    Int:  7    God:    Trog [**....]
Gold:   198        SH:  0    Dex: 11    Spells: 3/3 levels left

rFire   . . .        o - +0 glaive
rCold   . . .        (shield currently unavailable)
rNeg    . . .        k - +0 ring mail
rPois   .            (no helmet)
rElec   .            (no cloak)
rCorr   .            (no gloves)
SInv    .            (no barding)
Will    .....        (no amulet)
Stlth   +            (no ring)
HPRegen 0.26/turn    (no ring)
MPRegen 0.09/turn

%: roll
@: no status effects
A: large, deformed body, tough skin 3, armoured tail, roll 1
a: Renounce Religion, Berserk, Trog's Hand


You were on level 4 of the Dungeon.
You worshipped Trog.
Trog was pleased with you.
You visited 1 branch of the dungeon, and saw 4 of its levels.

You collected 198 gold pieces.

Inventory:

Hand Weapons
 a - a +0 mace
 o - a +0 glaive (weapon)
Armour
 b - a +0 animal skin
 c - a +0 pair of boots
 k - a +0 ring mail (worn)
Jewellery
 g - a ring of fire
Scrolls
 d - 2 scrolls of enchant armour {unknown}
 i - 2 scrolls of silence {unknown}
 j - 5 scrolls of identify {unknown}
 m - a scroll of noise {unknown}
 p - 2 scrolls of brand weapon {unknown}
 q - 2 scrolls of vulnerability {unknown}
 s - 2 scrolls of teleportation {unknown}
Potions
 e - a potion of brilliance {unknown}
 f - 2 potions of curing {unknown}
 h - a potion of berserk rage {unknown}
 l - 2 potions of cancellation {unknown}
 n - a potion of lignification {unknown}
 r - 2 potions of might {unknown}
 t - a potion of attraction {unknown}


   Skills:
 - Level 2.6 Fighting
 + Level 3.8 Maces & Flails
 - Level 2.4 Armour
 + Level 2.6 Dodging


You had 3 spell levels left.
You didn't know any spells.
Your spell library was empty.

Dungeon Overview and Level Annotations

Branches:
Dungeon (4/15)
 Temple: D:4-7

Altars:
Makhleb


Innate Abilities, Weirdness & Mutations

Armour fits poorly on your strangely shaped body.
You have extremely tough skin. (AC +3)
You have a long armoured tail.
You regenerate magic when rolling toward enemies. (Rampage MPRegen)


Message History

Done 'splorin'.
What level o' tha Dungeon? (default 3, ? - help) Ye see 'ere a book o' Cantrips.
Thar be a stone staircase leadin' down 'ere.
Ye climb downwards.
Tha orc priest shouts!
Tha ball python hisses angrily.
Ye hear a shout!
Thar be a stone staircase leadin' up 'ere.
Thar be monsters nearby!
Ye roll towards tha ball python!
Tha ball python bites ye.
Ye take 2 damage, an' haf 35/37 hp.
Ye closely miss tha ball python.
Tha ball python bites ye but does nay damage.
Tha ball python barely misses ye.
Ye closely miss tha ball python.
Tha ball python completely misses ye.
Tha ball python bites ye but does nay damage.
Ye barely miss tha ball python.
Tha ball python barely misses ye.
Tha orc priest mumbles some strange prayers ta Beogh against ye.
Pain shoots through yer body!
Tha ball python bites ye but does nay damage.
Tha orc priest invokes tha aid o' Beogh against ye.
Pain shoots through yer body!
Ye take 17 damage, an' haf 19/37 hp.
MASSIVE DAMAGE!!
Ye slash tha ball python!
Ye kill tha ball python!
Trog accepts yer kill.
A howler monkey comes inta view.
Tha howler monkey howls!
Tha orc priest calls down tha wrath o' Beogh upon ye.
Beogh smites ye!
* * * LOW HITPOINT WARNIN'
* * * Tha howler monkey hoots an' howls wit' incredible vigour!
An adder comes inta view.
Ye hear a shout! x3
Ye take 13 damage, an' haf 7/37 hp.
MASSIVE DAMAGE!!
Ye be too injured ta fight recklessly!
Ye be too injured ta fight recklessly!
Tha adder hisses angrily.
Tha orc priest mumbles some strange prayers ta Beogh against ye.
Beogh smites ye!
Ye die...

.......
~~.~.~.
~~~~~~~
~~≈≈≈~≈
....~~.
~~~..~.
.S.....######
.......@....#
..h..o..###.#
.#.#..... #
.........
#.#.##.#.# #
#. #.#.# #
#.#.# #.# #


You could see a howler monkey (catching breath), an orc priest and an adder.

Vanquished Creatures
  A gnoll (D:1)
  2 adders
  3 dart slugs
  3 ribbon worms
  3 bats
  2 endoplasms
  2 giant cockroaches
  3 goblins
  3 hobgoblins (D:1)
  A jackal (D:2)
  6 kobolds
  4 quokkas
  5 ball pythons
  6 frilled lizards
  2 rats (D:3)
46 creatures vanquished.

Notes
Turn   | Place    | Note
-------+----------+-------------------------------------------
     0 | D:1      | ProzacElf the Armataur Berserker began the quest for the
                  | Orb.
     0 | D:1      | Reached XP level 1. HP: 18/18 MP: 1/1
   318 | D:1      | Reached skill level 3 in Maces & Flails
   343 | D:1      | Reached XP level 2. HP: 21/25 MP: 2/2
   535 | D:1      | Reached XP level 3. HP: 30/30 MP: 3/3
   729 | D:2      | Reached ** piety under Trog
  1439 | D:2      | Reached XP level 4. HP: 37/37 MP: 4/4
  1781 | D:3      | Found a burning altar of Makhleb.
  2097 | D:4      | Killed from afar by an orc priest

Illustrated notes

Levels and vault maps discovered:
D:1:      dpeg_arrival_chambers_temple_mockup, layout_rooms
D:2:      layout_loops_corners, kennysheep_generic_room_9
D:3:      layout_rooms, bloody_makhleb, serial_bayou_lagoon_a,
          chequers_arboretum
D:4:      layout_basic, mainiacjoe_overflow_alcove_1, minmay_temple_entry_ruins,
          serial_rivers, chequers_serial_rivers_large_a,
          chequers_serial_rivers_small_3, chequers_serial_rivers_micro_c,
          chequers_serial_rivers_micro_b, minmay_misc_feat_doors, uniq_menkaure,
          uniq_pikel

Skill      XL: |  1  2 |
---------------+-------+-----
Maces & Flails | 3 |  3.8
Dodging        | 2 |  2.6
Fighting       | |  2.6
Armour         | |  2.4

Action                     |  1- 3 |  4- 6 || total
---------------------------+-------+-------++-------
  Melee: Mace              |    68 |       ||    68
         Tailslap          |    17 |     6 ||    23
         Glaive            |    38 |    32 ||    70
         Punch             |     1 |       ||     1
 Armour: Animal skin       |    22 |       ||    22
         Ring mail         |    70 |    20 ||    90
  Dodge: Dodged            |    49 |    20 ||    69

Action                     |  1- 3 |  4- 6 || total
---------------------------+-------+-------++-------
  Melee: Mace              |    68 |       ||    68
         Tailslap          |    17 |     6 ||    23
         Glaive            |    38 |    32 ||    70
         Punch             |     1 |       ||     1
 Armour: Animal skin       |    22 |       ||    22
         Ring mail         |    70 |    20 ||    90
  Dodge: Dodged            |    49 |    20 ||    69

Levels and vault maps discovered:
D:1:      dpeg_arrival_chambers_temple_mockup, layout_rooms
D:2:      layout_loops_corners, kennysheep_generic_room_9
D:3:      layout_rooms, bloody_makhleb, serial_bayou_lagoon_a,
          chequers_arboretum
D:4:      layout_basic, mainiacjoe_overflow_alcove_1, minmay_temple_entry_ruins,
          serial_rivers, chequers_serial_rivers_large_a,
          chequers_serial_rivers_small_3, chequers_serial_rivers_micro_c,
          chequers_serial_rivers_micro_b, minmay_misc_feat_doors, uniq_menkaure,
          uniq_pikel
